 Dungeon Crawl Stone Soup version 0.30.0-29-ga12c61a403 (webtiles) character file.

Game seed: 8307742844470094088

8292 GeoRichter the Basher (level 11, 0/97 HPs)
             Began as an Armataur Fighter on May 11, 2023.
             Was a High Priest of Okawaru.
             Splashed by a brown ugly thing's acid (5 damage)
             ... on level 10 of the Dungeon on June 18, 2023.
             The game lasted 00:19:52 (8909 turns).

GeoRichter the Basher (Armataur Fighter)            Turns: 8909, Time: 00:19:52

Health: 0/97       AC: -2    Str: 25    XL:     11   Next: 8%
Magic:  0/14       EV:  5    Int:  9    God:    Okawaru [*****.]
Gold:   313        SH:  5    Dex: 10    Spells: 10/10 levels left

rFire   + . .        a - +0 morningstar
rCold   . . .        c - +0 buckler
rNeg    . . .        u - +0 plate armour
rPois   +            (no helmet)
rElec   .            M - +2 cloak {rPois}
rCorr   .            J - +1 pair of gloves
SInv    +            (no barding)
Will    .....        s - amulet of guardian spirit Stlth
                     H - ring of see invisible
HPRegen 0.36/turn    G - ring of protection from fire
MPRegen 0.14/turn

%: guardian spirit, roll
@: corroded
A: large, rugged brown scales 3, deformed body, armoured tail, roll, long
tongue, awkward tongue
a: Renounce Religion, Heroism, Finesse, Duel


You were on level 10 of the Dungeon.
You worshipped Okawaru.
Okawaru was extremely pleased with you.
You visited 2 branches of the dungeon, and saw 11 of its levels.

You collected 556 gold pieces.
You spent 243 gold pieces at shops.

Inventory:

Hand Weapons
 a - a +0 morningstar (weapon)
 b - a +1 broad axe of pain
Missiles
 z - 6 javelins (quivered)
Armour
 c - a +0 buckler (worn)
 u - a +0 plate armour (worn)
 J - a +1 pair of gloves (worn)
 M - a +2 cloak of poison resistance (worn)
Jewellery
 s - an amulet of guardian spirit (around neck)
 A - a ring of protection from cold
 G - a ring of protection from fire (right hand)
 H - a ring of see invisible (left hand)
 L - a ring of ice
 N - a ring of poison resistance
Wands
 o - a wand of roots (6)
 t - a wand of charming (26)
 I - a wand of mindburst (21)
 O - a wand of flame (11)
Scrolls
 f - a scroll of fear {unknown}
 k - 3 scrolls of butterflies
 l - 7 scrolls of teleportation
 n - 4 scrolls of blinking {unknown}
 p - 2 scrolls of noise
 r - 3 scrolls of brand weapon {unknown}
 y - a scroll of immolation {unknown}
 B - 3 scrolls of amnesia
 C - a scroll of fog {unknown}
 E - a scroll of poison {unknown}
 F - a scroll of vulnerability {unknown}
Potions
 d - 5 potions of might
 e - 3 potions of lignification
 g - 3 potions of curing
 h - 2 potions of degeneration {unknown}
 i - 3 potions of cancellation
 j - 2 potions of mutation
 m - a potion of heal wounds
 q - a potion of ambrosia {unknown}
 v - a potion of brilliance {unknown}
 w - 3 potions of flight {unknown}
 x - a potion of attraction {unknown}
 D - 2 potions of berserk rage
 K - a potion of invisibility {unknown}
Miscellaneous
 P - a lightning rod (4/4)


   Skills:
 + Level 6.9 Fighting
 * Level 12.0 Maces & Flails
 + Level 8.4 Armour
 - Level 5.7 Shields
 + Level 4.5 Invocations


You had 10 spell levels left.
You didn't know any spells.
Your spell library contained the following spells:

 Spells                   Type           Power      Damage    Failure   Level
 Apportation              Tloc           0%         N/A       99%         1
 Necrotise                Necr           0%         1d4       99%         1
 Blink                    Tloc           0%         N/A       100%        2
 Vampiric Draining        Necr           0%         2d6       100%        3
 Vhi's Electric Charge    Tloc/Air       0%         N/A       100%        3
 Manifold Assault         Tloc           0%         N/A       100%        4
 Agony                    Necr           0%         N/A       100%        5
 Alistair's Intoxication  Tmut/Pois      0%         N/A       100%        5
 Arcjolt                  Conj/Air       0%         1d10      100%        5
 Plasma Beam              Fire/Air       0%         2x1d11    100%        6
 Storm Form               Tmut/Air       0%         N/A       100%        7


Dungeon Overview and Level Annotations

Branches:
Dungeon (10/15)            Temple (1/1) D:6
   Lair: D:8-11         Orc: D:9-12

Altars:
Cheibriados
Dithmenos
Elyvilon
Fedhas
Gozag
Hepliaklqana
Kikubaaqudgha
Makhleb
Nemelex Xobeh
Okawaru
Qazlal
Ru
Sif Muna
Trog
Uskayaw
Vehumet
Wu Jian
Xom
Yredelemnul
Zin
The Shining One

Shops:
D:5 *   D:6 [   D:9 ([*


Innate Abilities, Weirdness & Mutations

You are completely covered in rugged brown scales. (AC +3, +7% HP)
Armour fits poorly on your strangely shaped body.
You have a long armoured tail.
You roll when moving toward enemies. (Rampage)
Your long tongue fully drains potion bottles. (2x potion effects)
Your tongue gives you trouble enunciating. (1.5x scroll delay)


Message History

You hit the brown ugly thing.
The brown ugly thing is severely wounded.
The brown ugly thing pecks you but does no damage.
You closely miss the brown ugly thing.
The brown ugly thing is severely wounded.
You closely miss the brown ugly thing.
The brown ugly thing is severely wounded.
The brown ugly thing pecks you! The acid corrodes you!
You are splashed with acid.
You hit the brown ugly thing.
The brown ugly thing is almost dead.
The brown ugly thing pecks you but does no damage.
You barely miss the brown ugly thing.
The brown ugly thing is almost dead.
The brown ugly thing pecks you but does no damage.
You hit the brown ugly thing but do no damage.
You tail-slap the brown ugly thing, but do no damage.
The brown ugly thing is almost dead.
The brown ugly thing completely misses you.
You barely miss the brown ugly thing.
The brown ugly thing is severely wounded.
The brown ugly thing pecks you but does no damage.
You sock the brown ugly thing! You tail-slap the brown ugly thing.
The brown ugly thing is almost dead.
The brown ugly thing pecks you. The acid corrodes you!
You are splashed with acid!
You closely miss the brown ugly thing.
The brown ugly thing is almost dead.
The brown ugly thing pecks you!
* * * LOW HITPOINT WARNING * * *
The acid corrodes you!
You are splashed with acid!
* * * LOW HITPOINT WARNING * * *
Unknown command.
You hit the brown ugly thing but do no damage.
Your tail-slap misses the brown ugly thing.
The brown ugly thing is almost dead.
The brown ugly thing pecks you!
* * * LOW HITPOINT WARNING * * *
You are splashed with acid.
You die...

### ########### ..#
#.......$(# #.#
#.......@.#
#.####.......u)......
#.#............#####.
#.#.##.........#
####.#.##.........#
.......##.........#
.###.########.#####
#...# #.# #.### ..


You could see a brown ugly thing.

Vanquished Creatures
  Gastronok (D:8)
  A two-headed ogre (D:9)
  Maggie (D:7)
  A tengu conjurer (D:8)
  3 trolls
  Prince Ribbit (D:7)
  2 wyverns
  A wraith (D:9)
  5 yaks (D:9)
  Menkaure (D:6)
  A steam dragon (D:6)
  Duvessa (D:6)
  3 water moccasins
  2 ice beasts
  2 orc warriors (D:7)
  A sky beast (D:7)
  6 centaurs
  3 phantoms
  7 bullfrogs
  2 scorpions (D:5)
  A gnoll sergeant (D:5)
  9 wights
  Dowan (D:6)
  4 howler monkeys
  4 crimson imps (D:5)
  6 hounds
  A jelly (D:5)
  3 orc priests
  6 iguanas
  7 orc wizards
  3 gnolls
  5 adders
  2 white imps
  A worm (D:2)
  3 dart slugs
  22 orcs
  5 ball pythons
  5 bats
  6 endoplasms
  6 giant cockroaches
  8 goblins
  4 hobgoblins
  8 jackals
  3 quokkas (D:1)
  3 frilled lizards (D:1)
  6 kobolds
  5 rats
182 creatures vanquished.

Vanquished Creatures (collateral kills)
  A gnoll (D:5)
1 creature vanquished.

Vanquished Creatures (others)
  A gnoll (D:5)
1 creature vanquished.

Grand Total: 184 creatures vanquished

Notes
Turn   | Place    | Note
-------+----------+-------------------------------------------
     0 | D:1      | GeoRichter the Armataur Fighter began the quest for the
                  | Orb.
     0 | D:1      | Reached XP level 1. HP: 19/19 MP: 1/1
    73 | D:1      | Reached skill level 2 in Maces & Flails
   158 | D:1      | Reached XP level 2. HP: 24/26 MP: 2/2
   418 | D:1      | Reached XP level 3. HP: 30/33 MP: 3/3
   447 | D:1      | Reached skill level 3 in Maces & Flails
   947 | D:2      | Reached XP level 4. HP: 37/40 MP: 4/4
  1622 | D:3      | Reached skill level 4 in Maces & Flails
  1622 | D:3      | Reached XP level 5. HP: 46/48 MP: 5/5
  2647 | D:4      | Reached skill level 5 in Maces & Flails
  2755 | D:5      | Entered Level 5 of the Dungeon
  2760 | D:5      | Noticed a phantom
  2772 | D:5      | Killed a phantom
  2773 | D:5      | Reached XP level 6. HP: 46/54 MP: 6/6
  2976 | D:5      | Reached skill level 6 in Maces & Flails
  3014 | D:5      | Reached XP level 7. HP: 56/60 MP: 7/7
  3103 | D:5      | Found Lupnit's Assorted Antiques.
  3121 | D:5      | Bought a thin copper amulet for 115 gold pieces
  3139 | D:5      | Reached skill level 7 in Maces & Flails
  3190 | D:5      | Found a shimmering altar of Xom.
  3409 | D:5      | Reached skill level 8 in Maces & Flails
  3573 | D:6      | Noticed Duvessa
  3601 | D:6      | Killed Duvessa
  3602 | D:6      | Reached XP level 8. HP: 43/67 MP: 4/8
  3626 | D:6      | Noticed Dowan
  3716 | D:6      | Killed Dowan
  3741 | D:6      | Found a shimmering blue altar of Sif Muna.
  3841 | D:6      | Found a basalt altar of Yredelemnul.
  4076 | D:6      | Reached skill level 9 in Maces & Flails
  4181 | D:6      | Found a staircase to the Ecumenical Temple.
  4186 | Temple   | Entered the Ecumenical Temple
  4346 | Temple   | Became a worshipper of Warmaster Okawaru
  4368 | D:6      | Noticed Menkaure
  4373 | D:6      | Killed Menkaure
  4532 | D:6      | Found Socyetew's Armour Shoppe.
  4773 | D:7      | Noticed Maggie
  4973 | D:7      | Reached * piety under Okawaru
  4974 | D:7      | Reached skill level 5 in Armour
  5078 | D:7      | Reached XP level 9. HP: 72/77 MP: 6/9
  5149 | D:7      | Killed Maggie
  5219 | D:7      | Noticed Prince Ribbit
  5239 | D:7      | Killed Prince Ribbit
  5240 | D:7      | Reached skill level 10 in Maces & Flails
  5240 | D:7      | Reached skill level 5 in Shields
  5384 | D:7      | Identified the +1 dagger of Cowardice {drain, rElec Str+3
                  | Stlth+}
  5409 | D:7      | Reached ** piety under Okawaru
  5410 | D:7      | Reached skill level 5 in Fighting
  5600 | D:7      | HP: 2/77 [wyvern (12)]
  5921 | D:8      | Noticed Gastronok
  5954 | D:8      | Killed Gastronok
  5954 | D:8      | Reached *** piety under Okawaru
  5955 | D:8      | Reached XP level 10. HP: 44/88 MP: 4/11
  6259 | D:8      | Reached skill level 11 in Maces & Flails
  6368 | D:8      | Reached **** piety under Okawaru
  7918 | D:9      | Noticed a two-headed ogre
  8038 | D:9      | Found Raijeun's Assorted Antiques.
  8038 | D:9      | Found Enlats's Armour Boutique.
  8038 | D:9      | Found Xaerit's Antique Weapon Boutique.
  8040 | D:9      | Bought a potion of might for 128 gold pieces
  8092 | D:9      | Killed a two-headed ogre
  8482 | D:9      | Reached XP level 11. HP: 78/97 MP: 11/14
  8485 | D:9      | Upgraded the game from 0.30.0-5-g1a98f26d00 to
                  | 0.30.0-29-ga12c61a403
  8679 | D:10     | Entered Level 10 of the Dungeon
  8697 | D:9      | Reached skill level 12 in Maces & Flails
  8810 | D:10     | Reached ***** piety under Okawaru
  8876 | D:10     | Noticed a brown ugly thing
  8898 | D:10     | HP: 4/97 [acid (8)]
  8909 | D:10     | Splashed by a brown ugly thing's acid

Illustrated notes

Levels and vault maps discovered:
D:1:      mrwooster_arrival_statue_2, layout_rooms
D:2:      layout_basic, feat_on_display
D:3:      layout_basic, nicolae_concentric_dashed_squares_wild
D:4:      layout_basic
D:5:      layout_rooms, led_xom_imps, serial_shops, shop, cheibrodos_gnoll_hut
D:6:      layout_loops_ring, nicolae_sif_muna_little_library,
          mainiacjoe_overflow_brackets, minmay_temple_entry_statues_pillars,
          serial_shops, shop, nicolae_elevator_lobby_asterisk, uniq_menkaure,
          uniq_duvessa
D:7:      nicolae_BIG_FREAKIN_CUBE, layout_cave_pools,
          hangedman_abyss_or_decor_passed, uniq_prince_ribbit1, uniq_maggie
D:8:      layout_layer_cave, uniq_gastronok
D:9:      layout_basic, nicolae_shop_distant_corner_stores,
          kennysheep_generic_room_12
D:10:     layout_roguey, mainiacjoe_overflow_tiny_flanked, serial_shops, shop
Temple:   regret_index_temple_chain_breaker

Skill      XL: |  1  2  3  4  5  6  7  8  9 10 11 |
---------------+----------------------------------+-----
Maces & Flails | 2 3 4 5 6 8 9 10 11 12 | 12.0
Fighting       | 3 4 5 6 |  6.9
Armour         | 5 6 8 |  8.4
Shields        | 4 5 |  5.7
Invocations    | 2 4 |  4.5

Action                     |  1- 3 |  4- 6 |  7- 9 | 10-12 || total
---------------------------+-------+-------+-------+-------++-------
  Melee: Flail             |   136 |   147 |   200 |       ||   483
         Tailslap          |     6 |    16 |    40 |    35 ||    97
         Broad axe         |       |       |    60 |       ||    60
         Morningstar       |       |       |    30 |   261 ||   291
 Invoke: Heroism           |       |       |       |     1 ||     1
  Evoke: Wand              |       |     3 |       |     4 ||     7
    Use: Scroll            |     1 |       |     8 |     1 ||    10
         Potion            |       |       |     3 |     1 ||     4
 Armour: Scale mail        |    72 |     8 |       |       ||    80
         Plate armour      |       |   101 |   154 |   191 ||   446
  Dodge: Dodged            |    58 |    39 |    48 |    74 ||   219
  Block: Buckler           |    19 |    35 |    65 |    53 ||   172
